cohdb
Replays
Latest Replays
All Replays
Popular Replays
Top Player Replays
Match Explorer
How It Works
Community
CoH3 Stats
Reddit
Sign in to upload your games and track your stats! →
Sign in with Steam
Match 43251790
Unlisted
Match 43251790
Overview
Messages
Build Orders
End
Kradschützen Motorcycle Team
Selects Armored Support Battlegroup
Panzergrenadier Squad
Panzerpioneer Squad
250 Light Carrier
Panzergrenadier Squad
Selects Superior Fire Drills
Construct Light Support Kompanie
Assault Mechanized Group
Panzerjäger Squad
Fire Support Elements
Flakvierling Half-track
Combat Half-tracks
Selects Salvage Kits
Construct Panzerarmee Kommand
Selects Flammpanzer III Medium Tank
Flammpanzer III Medium Tank
2.5-tonne Medical Truck
Veteran Squad Leaders
Vehicle Survival Package
Construct Panzerarmee Kommand
Walking Stuka Rocket Launcher
Trion
Spaghetti
0
0
Comments
sign in to comment!
No comments posted yet!